 Dungeon Crawl Stone Soup version 0.21.1-1-g345015f (webtiles) character file.

368 Mirai the Thaumaturge (level 6, -1/32 HPs)
             Began as a Deep Elf Conjurer on Apr 4, 2018.
             Slain by Pad's ghost (12 damage)
             ... on level 3 of the Dungeon.
             The game lasted 00:08:47 (2321 turns).

Mirai the Thaumaturge (Deep Elf Conjurer)           Turns: 2321, Time: 00:08:49

Health: -1/32      AC:  5    Str:  8    XL:     6   Next: 41%
Magic:  7/20       EV: 13    Int: 22    God:
Gold:   144        SH:  0    Dex: 18    Spells: 12/23 levels left

rFire    . . .     SeeInvis .   q - +0 whip (elec)
rCold    . . .     Gourm    .   (no shield)
rNeg     + . .     Faith    .   u - +0 robe {rN+}
rPois    .         Spirit   .   d - +2 helmet
rElec    .         Reflect  .   (no cloak)
rCorr    .         Harm     .   (no gloves)
MR       .....                  (no boots)
Stlth    ++........             (no amulet)
HPRegen  0.10/turn              e - +3 ring of dexterity
MPRegen  0.17/turn              p - +3 ring of strength

@: no status effects
A: no striking features
a: no special abilities


You were on level 3 of the Dungeon.
You were not hungry.

You visited 1 branch of the dungeon, and saw 3 of its levels.
You also visited: Sewer.

You collected 144 gold pieces.

Inventory:

Hand Weapons
 h - a cursed -3 flail
 q - a +0 whip of electrocution (weapon)
Armour
 a - a +0 robe
 d - a +2 helmet (worn)
 f - a cursed +0 chain mail
 l - a +0 troll leather armour {Purgy}
 u - a +0 robe of positive energy (worn)
Jewellery
 e - a +3 ring of dexterity (left hand)
 p - a +3 ring of strength (right hand)
Scrolls
 i - 3 scrolls of teleportation
 j - a scroll of remove curse
 m - a scroll of blinking {unknown}
 o - 5 scrolls of identify
 s - 2 scrolls of fear {unknown}
 v - a scroll of random uselessness {unknown}
 w - a scroll of immolation
Potions
 g - 2 potions of resistance
 k - a potion of lignification {unknown}
 n - a potion of might {unknown}
 t - 2 potions of invisibility {unknown}
 x - a potion of berserk rage {unknown}
Books
 b - a book of Conjurations

   Spells                             Type                      Level
   a - Magic Dart                     Conjuration                  1
   b - Searing Ray                    Conjuration                  2
   c - Dazzling Spray                 Conjuration/Hexes            3
   d - Fulminant Prism                Conjuration/Hexes            4
   e - Force Lance                    Conjuration/Translocation    4
   f - Iskenderun's Mystic Blast      Conjuration                  4
Comestibles
 c - 10 rations
 r - a chunk of flesh


   Skills:
 + Level 2.5 Dodging
 - Level 2.4 Stealth
 + Level 9.1 Spellcasting
 + Level 4.4 Conjurations
 + Level 0.2 Hexes


You had 12 spell levels left.
You knew the following spells:

 Your Spells              Type           Power        Failure   Level  Hunger
a - Magic Dart            Conj           ####         1%          1    None
b - Searing Ray           Conj           ####..       1%          2    None
c - Iskenderun's Mystic   Conj           ####....     11%         4    ##.....
d - Fulminant Prism       Conj/Hex       ###.......   26%         4    ##.....


Dungeon Overview and Level Annotations

Branches:
Dungeon (3/15)

Altars:
Okawaru
Sif Muna

Annotations:
D:3 Pad's ghost, amateur MiMo


Message History

Pad's ghost closely misses you.
The searing ray hits Pad's ghost.
Pad's ghost is heavily damaged.
You finish channeling your searing ray.
Pad's ghost hits you.
Casting: Searing Ray
Confirm with . or Enter, or press ? or * to list all spells.
Aiming: Searing Ray
Press: ? - help, Shift-Dir - straight line, f/p - Pad's ghost
Aim: Pad's ghost (heavily damaged)
The searing ray hits Pad's ghost.
Pad's ghost is severely damaged. (Press . to maintain the ray.) Pad's ghost hits you!
The searing ray hits Pad's ghost.
Pad's ghost is severely damaged.
Pad's ghost barely misses you.
The searing ray hits Pad's ghost.
Pad's ghost is almost destroyed.
Pad's ghost hits you!
You die...

#.##.#
#........####.#
..##.##### #..#.#####
#.# ##.##..
..#####..#.###### #.#
#.####
#.##............# #.#
.. #.##.##.........#
#.# #.....##.#.####.#
#.#
.######)##..##.#.#
#.# #.#
........)W.....#.#
#.# #.#
#######.##@.####.#
#.# #.# #.##..# #.#
#.# #.# #.##..# #.
#.# #.# #.##..#
##.####.###.# #.##...
............#
................#####
................#
##############


You could see Pad's ghost.

Vanquished Creatures
  Purgy (Sewer)
  A scorpion (D:3)
  2 orc priests (D:3)
  A bullfrog zombie (D:3)
  A river rat (D:3)
  3 adders
  2 oozes (D:1)
  A worm (D:3)
  3 dart slugs
  A leopard gecko (D:1)
  3 orcs (D:3)
  10 bats
  13 giant cockroaches
  5 goblins
  7 hobgoblins
  3 jackals (D:2)
  6 frilled lizards
  10 kobolds
  7 rats
80 creatures vanquished.

Notes
Turn   | Place    | Note
-------+----------+-------------------------------------------
     0 | D:1      | Mirai the Deep Elf Conjurer began the quest for the Orb.
     0 | D:1      | Reached XP level 1. HP: 10/10 MP: 6/6
   145 | D:1      | Reached skill level 4 in Spellcasting
   145 | D:1      | Reached XP level 2. HP: 15/15 MP: 6/9
   149 | D:1      | Learned a level 2 spell: Searing Ray
   426 | D:1      | Reached skill level 5 in Spellcasting
   426 | D:1      | Reached XP level 3. HP: 17/19 MP: 0/11
   962 | D:2      | Found a deep blue altar of Sif Muna.
  1005 | D:2      | Found an iron altar of Okawaru.
  1251 | D:2      | Reached XP level 4. HP: 18/24 MP: 8/13
  1257 | D:2      | Reached skill level 6 in Spellcasting
  1605 | D:3      | Reached skill level 7 in Spellcasting
  1605 | D:3      | Reached XP level 5. HP: 10/28 MP: 5/16
  1712 | D:3      | Reached skill level 8 in Spellcasting
  1841 | D:3      | Found a glowing drain.
  1845 | Sewer    | Entered a sewer
  1959 | Sewer    | Noticed Purgy
  1977 | Sewer    | Killed Purgy
  1977 | Sewer    | Reached skill level 9 in Spellcasting
  1977 | Sewer    | Reached XP level 6. HP: 5/32 MP: 7/20
  2001 | Sewer    | Learned a level 4 spell: Iskenderun's Mystic Blast
  2006 | Sewer    | Learned a level 4 spell: Fulminant Prism
  2305 | D:3      | Noticed Pad's ghost (amateur MiMo)
  2321 | D:3      | Slain by Pad's ghost

Skill      XL: |  1  2  3  4  5 |
---------------+----------------+-----
Spellcasting   | 4 5 7 9 |  9.1
Dodging        | |  2.5
Stealth        | |  2.4
Conjurations   | |  4.4
Hexes          | |  0.2

Action                   |  1- 3 |  4- 6 || total
-------------------------+-------+-------++-------
Melee: Short sword       |     6 |     2 ||     8
       Unarmed           |     1 |       ||     1
       Whip              |       |     1 ||     1
 Cast: Magic Dart        |    74 |    27 ||   101
       Searing Ray       |     8 |    21 ||    29
  Use: Scroll            |       |     5 ||     5
       Potion            |       |     1 ||     1
  Eat: Chunk             |     1 |     3 ||     4
Armor: Robe              |    14 |    11 ||    25
       Troll leather arm |       |     2 ||     2
Dodge: Dodged            |    31 |    35 ||    66
